 Dungeon Crawl Stone Soup version 0.31-a0-810-ga77100ea1a (webtiles) character file.

Game seed: 17599600593681370706

55081 Joey1 the Severer (level 14, -1/137 HPs)
             Began as a Minotaur Berserker on Sept 21, 2023.
             Was a High Priest of Trog.
             Slain by a two-headed ogre
             ... wielding a +0 giant spiked club
              (6 damage)
             ... on level 2 of the Orcish Mines.
             The game lasted 01:01:49 (16109 turns).

Joey1 the Severer (Minotaur Berserker)             Turns: 16109, Time: 01:01:50

Health: -1/137     AC: 20    Str: 27    XL:     14   Next: 37%
Magic:  13/13      EV: 11    Int:  4    God:    Trog [*****.]
Gold:   1131       SH:  0    Dex: 16    Spells: 13/13 levels left

rFire   + . .        T - +2 battleaxe of the Butterfly {flame, rPois}
rCold   . . .        (shield currently unavailable)
rNeg    . . .        s - +3 plate armour
rPois   +            (helmet restricted)
rElec   .            V - +1 cloak {rPois}
rCorr   .            d - +0 pair of gloves
SInv    .            (no boots)
Will    +++..        y - amulet of regeneration Stlth
                     G - ring of protection from fire
HPRegen 2.22/turn    L - +6 ring of dexterity
MPRegen 0.13/turn

%: no passive effects
@: strong-willed, regenerating, studying Maces & Flails
A: horns 2, retaliatory headbutt
a: Renounce Religion, Berserk, Trog's Hand, Brothers in Arms


You were on level 2 of the Orcish Mines.
You worshipped Trog.
Trog was extremely pleased with you.
You visited 4 branches of the dungeon, and saw 19 of its levels.
You also visited: Gauntlet.

You collected 1318 gold pieces.
You spent 187 gold pieces at shops.

Inventory:

Hand Weapons
 a - the +7 battleaxe of Weavu {antimagic, rC+ Str+4}
   (Trog gifted it to you in a Gauntlet)

   Str+4:     It affects your strength (+4).
   rC+:       It protects you from cold.
 o - a +0 spear
 w - a +0 morningstar of protection
 T - the +2 battleaxe of the Butterfly (weapon) {flame, rPois}
   (Trog gifted it to you on level 3 of the Lair of Beasts)

   rPois:     It protects you from poison
 Y - a +0 broad axe
Missiles
 n - 2 throwing nets
Armour
 d - a +0 pair of gloves (worn)
 g - a +0 buckler
 q - the +0 cloak "Buaf" {+Inv rF+ rN+}
   (You found it in a Gauntlet)

   rF+:       It protects you from fire.
   rN+:       It protects you from negative energy.
   +Inv:      It lets you turn invisible.
 r - a +2 ring mail of cold resistance
 s - a +3 plate armour (worn)
 J - the +4 pair of boots of Plasticity {Harm Str+3}
   (You found it in a Gauntlet)

   Str+3:     It affects your strength (+3).
   Harm:      It increases damage dealt and taken.
 V - a +1 cloak of poison resistance (worn)
Jewellery
 j - an amulet of guardian spirit
 x - a +6 ring of strength
 y - an amulet of regeneration (around neck)
 G - a ring of protection from fire (left hand)
 L - a +6 ring of dexterity (right hand)
Wands
 D - a wand of flame (44)
 I - a wand of mindburst (21)
 K - a wand of digging (5)
 N - a wand of charming (25)
 O - a wand of roots (11)
 Q - a wand of light (15)
 X - a wand of polymorph (5)
Scrolls
 c - 3 scrolls of fog
 f - 9 scrolls of teleportation
 i - 3 scrolls of noise
 k - a scroll of revelation {unknown}
 l - 4 scrolls of immolation
 m - 3 scrolls of fear
 t - 4 scrolls of enchant weapon
 v - a scroll of identify
 B - a scroll of torment
 C - 2 scrolls of amnesia
 E - 6 scrolls of poison
 M - a scroll of acquirement
 P - 2 scrolls of blinking
 W - 2 scrolls of vulnerability
Potions
 b - 2 potions of mutation {unknown}
 e - 4 potions of curing
 h - a potion of invisibility
 p - 6 potions of might
 u - 2 potions of haste
 z - 2 potions of lignification
 A - a potion of magic {unknown}
 F - 2 potions of attraction
 H - a potion of brilliance {unknown}
 R - a potion of enlightenment {unknown}
 S - 2 potions of resistance
 U - a potion of ambrosia {unknown}
Miscellaneous
 Z - a box of beasts


   Skills:
 - Level 16.0 Fighting
 - Level 20.0 Axes
 + Level 7.7 Armour
 + Level 7.2 Dodging
 - Level 5.0 Shields
 + Level 9.4 Evocations


You had 13 spell levels left.
You didn't know any spells.
Your spell library was empty.

Dungeon Overview and Level Annotations

Branches:
Dungeon (11/15)            Temple (1/1) D:7            Lair (5/5) D:8
  Swamp (0/4) Lair:2        Snake (0/4) Lair:2        Slime (0/5) Lair:5
    Orc (2/2) D:10            Elf (0/3) Orc:2       Gauntlet (visited)

Altars:
Ashenzari
Cheibriados
Dithmenos
Elyvilon
Fedhas
Gozag
Hepliaklqana
Kikubaaqudgha
Makhleb
Nemelex Xobeh
Okawaru
Qazlal
Ru
Sif Muna
Trog
Uskayaw
Vehumet
Wu Jian
Xom
Yredelemnul
Zin
The Shining One
Jiyva

Shops:
D:4 ***([   Orc:2 [

Annotations:
Lair:1 exclusions: plant and 3 more exclusions
Lair:5 exclusion: 2 oklob plants


Innate Abilities, Weirdness & Mutations

You have a pair of horns on your head.
You reflexively headbutt those who attack you in melee.


Message History

The two-headed ogre dies!
Trog accepts your kill.
Your troll barely misses the orc. x2
Your troll claws the orc but does no damage.
You barely miss the two-headed ogre.
Your troll bites the orc!!
The orc dies!
Trog accepts your kill.
The two-headed ogre hits you with a +0 giant club!
* * * LOW HITPOINT WARNING * * *
The two-headed ogre barely misses you.
Your iron troll goes berserk!
The two-headed ogre shouts in stereo!
You hear two shouts! x2
Your troll closely misses the ogre.
Your troll claws the ogre!
Your troll claws the ogre.
Your troll bites the ogre!!
The ogre dies!
Trog accepts your kill.
A two-headed ogre comes into view.
It is wielding a +0 giant club and a +0 giant spiked club.
The two-headed ogre hits your iron troll with a +0 giant club!
The two-headed ogre hits your iron troll with a +0 great mace!
The two-headed ogre attacks as it pursues you!
The two-headed ogre barely misses you. x2
Your iron troll bites the two-headed ogre.
Your iron troll claws the two-headed ogre!!
Your iron troll claws the two-headed ogre.
You barely miss the two-headed ogre.
You completely miss the two-headed ogre.
The two-headed ogre hits you with a +0 giant spiked club!!
* * * LOW HITPOINT WARNING * * *
The two-headed ogre barely misses you.
Your troll bites the ogre!
Your troll claws the ogre!
Your troll claws the ogre.
Your iron troll bites the two-headed ogre.
Your iron troll claws the two-headed ogre!
Your iron troll closely misses the two-headed ogre.
The two-headed ogre hits your iron troll with a +0 giant club!!
The two-headed ogre hits your iron troll with a +0 great mace!
Your skin crawls.
You feel strong-willed.
The two-headed ogre hits you with a +0 giant spiked club.
You die...

... .....OO.#o...#...
.. .........)))## .#
O ∩...O.....).##
OO........#o.#
OOO......##.)#
.O.....####.T#
#######..########O.O#
..O.O......O....TO.##
...............O@.##
..#.....##.########
............#
...........##
..........##
....$.>....#
..........##
...........#
..........##


You could see 4 two-headed ogres, an ogre (distracted, ally target), an orc, a
friendly iron troll (summoned, berserk) and a friendly troll (summoned,
berserk).

Vanquished Creatures
  A minotaur (Gauntlet)
  2 hydras
  A boulder beetle (Lair:5)
  5 two-headed ogres
  5 death yaks (Lair:3)
  A hell hog (Gauntlet)
  A goliath frog (Lair:5)
  A bog body (Lair:2)
  A phantasmal warrior (Lair:4)
  19 elephants
  2 black mambas
  5 rime drakes
  14 cane toads
  3 minotaur zombies (Gauntlet)
  17 komodo dragons
  2 trolls
  3 tyrant leeches (Lair:5)
  17 blink frogs
  5 dream sheep (Lair:4)
  A slime creature (D:10)
  6 centaur simulacra (Gauntlet)
  2 shadows
  50 yaks
  6 wyverns
  A human (Lair:4)
  4 fire bats (Gauntlet)
  A wraith (D:10)
  Eustachio (D:4)
  5 vampire mosquitoes
  8 basilisks
  5 steam dragons
  3 nagas (Lair:2)
  A hell hound (Gauntlet)
  13 water moccasins
  2 acid dragons (D:8)
  A meliai simulacrum (Gauntlet)
  An ice beast (D:6)
  3 orc warriors
  4 ogres (Orc:2)
  13 wolves
  3 phantoms
  4 centaurs
  27 bullfrogs
  A cane toad simulacrum (Gauntlet)
  2 scorpions (D:6)
  A hornet simulacrum (Gauntlet)
  7 wights
  4 troll zombies (D:10)
  9 killer bees
  3 electric eels
  7 howler monkeys
  7 orc priests
  2 hounds
  A gnoll bouda (D:5)
  7 jellies
  Jessica (D:3)
  Ijyb (D:5)
  2 iguanas
  Natasha (D:4)
  7 orc wizards
  4 ogre zombies (D:10)
  A boggart simulacrum (Gauntlet)
  15 gnolls
  10 adders
  A worm (D:3)
  A dart slug (D:3)
  35 orcs
  4 ball pythons
  3 endoplasms
  2 giant cockroaches (D:3)
  8 goblins
  10 hobgoblins
  2 quokkas (D:5)
  12 bats
  3 frilled lizards (D:2)
  2 goblin skeletons (D:10)
  3 goblin zombies (D:10)
  2 hobgoblin skeletons (D:10)
  A hobgoblin zombie (D:10)
  4 kobolds
  3 orc skeletons (D:10)
  14 orc zombies (D:10)
  2 rats
475 creatures vanquished.

Vanquished Creatures (collateral kills)
  A two-headed ogre (Orc:2)
  2 ogres (Orc:2)
  An orc wizard (Orc:2)
  An orc (Orc:2)
5 creatures vanquished.

Vanquished Creatures (others)
  A howler monkey (D:8)
1 creature vanquished.

Grand Total: 481 creatures vanquished

Notes
Turn   | Place    | Note
-------+----------+-------------------------------------------
     0 | D:1      | Joey1 the Minotaur Berserker began the quest for the Orb.
     0 | D:1      | Reached XP level 1. HP: 19/19 MP: 0/0
   142 | D:1      | Reached skill level 4 in Axes
   142 | D:1      | Reached XP level 2. HP: 23/27 MP: 1/1
   815 | D:2      | Reached XP level 3. HP: 32/33 MP: 2/2
   956 | D:2      | Reached skill level 1 in Shields
   989 | D:2      | Reached XP level 4. HP: 40/40 MP: 3/3
  1188 | D:2      | Reached ** piety under Trog
  1673 | D:3      | Reached skill level 5 in Axes
  1673 | D:3      | Reached XP level 5. HP: 13/47 MP: 4/4
  1971 | D:3      | Noticed Jessica
  1980 | D:3      | Killed Jessica
  2687 | D:4      | Found Keelih Munk's Weapon Boutique.
  2805 | D:4      | Reached XP level 6. HP: 51/55 MP: 5/5
  2817 | D:4      | Found Micula's General Store.
  2826 | D:4      | Bought a scroll of fear for 40 gold pieces
  2826 | D:4      | Bought a +0 morningstar of protection for 68 gold pieces
  2826 | D:4      | Bought a scroll of teleportation for 30 gold pieces
  2935 | D:4      | Found Milantenk's Antique Armour Emporium.
  2991 | D:4      | Noticed Natasha
  2996 | D:4      | Killed Natasha
  3011 | D:4      | Found Punoher's Assorted Antiques.
  3017 | D:4      | Bought a scroll labelled OLEACE LO FIY for 26 gold pieces
  3017 | D:4      | Bought a lumpy white potion for 23 gold pieces
  3053 | D:4      | Found Juvujoni's Lightly-Used Armoury.
  3092 | D:4      | Noticed Eustachio
  3109 | D:4      | Killed Eustachio
  3110 | D:4      | Reached skill level 5 in Fighting
  3110 | D:4      | Reached skill level 6 in Axes
  3178 | D:4      | Found a radiant altar of Vehumet.
  3179 | D:4      | Found an ornate altar of the Wu Jian Council.
  3342 | D:5      | Entered Level 5 of the Dungeon
  3514 | D:5      | Reached XP level 7. HP: 60/61 MP: 6/6
  3722 | D:5      | Reached skill level 7 in Axes
  3729 | D:5      | Reached *** piety under Trog
  3845 | D:5      | Noticed Ijyb
  3856 | D:5      | Killed Ijyb
  4114 | D:6      | Reached skill level 8 in Axes
  4114 | D:6      | Reached XP level 8. HP: 26/70 MP: 7/7
  4689 | D:7      | Found a staircase to the Ecumenical Temple.
  4696 | D:7      | Reached skill level 5 in Shields
  4775 | Temple   | Entered the Ecumenical Temple
  4831 | D:7      | Reached skill level 9 in Axes
  4974 | D:7      | Reached skill level 10 in Axes
  5212 | D:7      | Found an ancient bone altar of Kikubaaqudgha.
  5213 | D:7      | Found an opulent altar of Gozag.
  5368 | D:8      | Reached XP level 9. HP: 79/81 MP: 8/8
  5525 | D:8      | Reached skill level 11 in Axes
  5613 | D:8      | Noticed a komodo dragon
  6371 | D:8      | Killed a komodo dragon
  6372 | D:8      | Reached skill level 12 in Axes
  6493 | D:8      | Noticed a komodo dragon
  6501 | D:8      | Killed a komodo dragon
  6560 | D:8      | Noticed a komodo dragon
  6573 | D:8      | Killed a komodo dragon
  6708 | D:8      | Reached skill level 13 in Axes
  6738 | D:8      | Reached XP level 10. HP: 81/93 MP: 9/9
  6767 | D:8      | Found a staircase to the Lair.
  7010 | D:9      | Reached skill level 10 in Fighting
  7030 | D:9      | Noticed a two-headed ogre
  7138 | D:9      | Killed a two-headed ogre
  7139 | D:9      | Reached skill level 14 in Axes
  7216 | D:9      | Found a snail-covered altar of Cheibriados.
  7219 | D:9      | Noticed a two-headed ogre
  7234 | D:9      | Killed a two-headed ogre
  7251 | D:9      | Reached skill level 15 in Axes
  7596 | D:9      | Reached **** piety under Trog
  7783 | D:9      | Reached skill level 16 in Axes
  8008 | D:10     | Entered Level 10 of the Dungeon
  8008 | D:10     | Found a viscous altar of Jiyva.
  8097 | D:10     | Found a staircase to the Orcish Mines.
  8110 | D:10     | Reached XP level 11. HP: 65/102 MP: 10/10
  8139 | D:10     | Reached ***** piety under Trog
  8241 | D:10     | Noticed a two-headed ogre
  8354 | Lair:1   | Entered Level 1 of the Lair of Beasts
  8496 | Lair:1   | You fall into a shaft and drop 1 floor!
  8774 | Lair:2   | Found a staircase to the Swamp.
  8775 | Lair:2   | Noticed a bog body
  8790 | Lair:2   | Killed a bog body
  9180 | Lair:2   | Reached skill level 15 in Fighting
  9252 | Lair:2   | Found a staircase to the Snake Pit.
  9321 | Lair:1   | Reached skill level 1 in Evocations
  9340 | Lair:1   | Found a bloodstained altar of Trog.
  9561 | Lair:1   | Reached XP level 12. HP: 119/119 MP: 11/11
  9945 | Lair:1   | Reached skill level 5 in Evocations
 10171 | Lair:3   | Noticed a death yak
 10172 | Lair:3   | Noticed a death yak
 10194 | Lair:3   | Noticed a death yak
 10228 | Lair:2   | Noticed an eight-headed hydra
 10238 | Lair:2   | Killed an eight-headed hydra
 11195 | Lair:3   | Noticed a death yak
 11200 | Lair:3   | Killed a death yak
 11202 | Lair:3   | Noticed a death yak
 11206 | Lair:3   | Killed a death yak
 11208 | Lair:3   | Identified the +2 battleaxe of the Butterfly {flame, rPois}
                  | (Trog gifted it to you on level 3 of the Lair of Beasts)
 11208 | Lair:3   | Received a gift from Trog
 11209 | Lair:3   | Reached skill level 17 in Axes
 11215 | Lair:3   | Killed a death yak
 11216 | Lair:3   | Killed a death yak
 11222 | Lair:3   | Killed a death yak
 11717 | Lair:4   | Reached skill level 18 in Axes
 11726 | Lair:4   | Reached XP level 13. HP: 121/126 MP: 12/12
 11865 | Lair:4   | Found a runed translucent door.
 12661 | Lair:5   | Entered Level 5 of the Lair of Beasts
 12834 | Lair:5   | Received a gift from Trog
 12846 | Lair:5   | Reached skill level 19 in Axes
 13418 | Lair:5   | Reached skill level 20 in Axes
 13755 | Lair:5   | Found a staircase to the Slime Pits.
 13755 | Lair:5   | Found a viscous altar of Jiyva.
 13822 | Lair:4   | Reached skill level 5 in Armour
 13844 | Lair:4   | Reached skill level 5 in Dodging
 13985 | Lair:5   | Identified a scroll of acquirement
 14214 | Lair:5   | Reached XP level 14. HP: 113/137 MP: 13/13
 15347 | Orc:1    | Entered Level 1 of the Orcish Mines
 15411 | Orc:2    | Entered Level 2 of the Orcish Mines
 15427 | Orc:2    | Found a gate leading to a gauntlet.
 15437 | Gauntlet | Entered a Gauntlet
 15437 | Gauntlet | Found a transporter.
 15445 | Gauntlet | Found a transporter.
 15447 | Gauntlet | Found a transporter.
 15449 | Gauntlet | Found a transporter.
 15479 | Gauntlet | Found a transporter.
 15481 | Gauntlet | Found a transporter.
 15492 | Gauntlet | Found a transporter.
 15509 | Gauntlet | Found a transporter.
 15517 | Gauntlet | Found a transporter.
 15532 | Gauntlet | Found a transporter.
 15551 | Gauntlet | Found a transporter.
 15563 | Gauntlet | Found a transporter.
 15575 | Gauntlet | Found a transporter.
 15587 | Gauntlet | Found a transporter.
 15599 | Gauntlet | Found a transporter.
 15616 | Gauntlet | Found a transporter.
 15618 | Gauntlet | Found a transporter.
 15784 | Gauntlet | Found a transporter.
 15839 | Gauntlet | Identified the +7 battleaxe of Weavu {antimagic, rC+ Str+4}
                  | (Trog gifted it to you in a Gauntlet)
 15839 | Gauntlet | Received a gift from Trog
 15902 | Gauntlet | Identified the +0 cloak "Buaf" {+Inv rF+ rN+}
 15936 | Gauntlet | Identified the +4 pair of boots of Plasticity {Harm Str+3}
 15964 | Gauntlet | Reached ****** piety under Trog
 16029 | Orc:2    | Found a staircase to the Elven Halls.
 16040 | Orc:2    | Found Pischus's Antique Armour Shoppe.
 16108 | Orc:2    | HP: 3/137 [two-headed ogre/+0 giant spiked club (28)]
 16109 | Orc:2    | Slain by a two-headed ogre

Illustrated notes

Levels and vault maps discovered:
D:1:      onia_arrival_pyramid, layout_loops_ring, dreamdust_mushroom_princess
D:2:      layout_basic
D:3:      layout_basic, uniq_jessica
D:4:      cheibrodos_greedy_goblins, layout_basic,
          gammafunk_temple_overflow_statue, serial_shops, kennysheep_little_box,
          nicolae_shop_waterfront, nicolae_shop_crystal, shop, st_stairs_6,
          minmay_shop_damaged, grunt_decor_mini_mirrors, uniq_natasha,
          uniq_eustachio
D:5:      layout_cave_pools, uniq_ijyb
D:6:      layout_gridville
D:7:      layout_basic, nicolae_overflow_hidden_temple,
          minmay_temple_entry_statues_pillars
D:8:      layout_loops_ring, erik_lair_dragon, lemuel_flame_loot_1
D:9:      kennysheep_spiral_hall, layout_long_grid,
          mainiacjoe_overflow_boulevard
D:10:     layout_gridville, zombieorc2_lemuel, jiyva_altar_1
D:11:     nzn_winding_woodlands_stair_cross [nzn_winding_woodlands_5x15_parted,
          nzn_winding_woodlands_center_lodge,
          nzn_winding_woodlands_5x15_pathside_ponds,
          nzn_winding_woodlands_5x5_three, nzn_winding_woodlands_5x5_default,
          nzn_winding_woodlands_5x15_pockets,
          nzn_winding_woodlands_center_garden,
          nzn_winding_woodlands_5x15_sidewinder], layout_cave_pools,
          enter_trove_3, trog_butcher_becter
Temple:   sentei_temple_godly_chess
Lair:1:   layout_concentric_octagons, basic_altar, grunt_megastairs_3,
          serial_bayou_shore_a
Lair:2:   layout_regular_city, skrybe_swamp_entry_bodies,
          nicolae_snake_entry_squirm, beast_lair_carwin_9
Lair:3:   layout_gridlike
Lair:4:   layout_regular_city, pdpol_lair_cabin_in_the_woods,
          lemuel_fruit_fields, grunt_megastairs_2
Lair:5:   minmay_lair_end_frog_pond, layout_cave_pods,
          minmay_slime_entry_oklob_open, serial_bayou_crossing,
          infiniplex_staircase_pool, lemuel_fruit_fields
Orc:1:    layout_caves, serial_shops, nicolae_shop_tiny_waterfront, basic_altar,
          mines1_david, uniq_urug
Orc:2:    st_orc_ogre_mass, layout_caves, enter_volcano_1,
          gauntlet_entry_generic

Skill      XL: |  1  2  3  4  5  6  7  8  9 10 11 12 13 14 |
---------------+-------------------------------------------+-----
Axes           | 4 5 6 8 10 13 16 18 20 | 20.0
Fighting       | 4 5 6 7 9 11 15 16 | 16.0
Armour         | 3 4 5 7 |  7.7
Shields        | 1 2 3 4 5 |  5.0
Dodging        | 3 4 5 7 |  7.2
Evocations     | 4 8 9 |  9.4

Action                     |  1- 3 |  4- 6 |  7- 9 | 10-12 | 13-15 || total
---------------------------+-------+-------+-------+-------+-------++-------
  Melee: Hand axe          |    58 |    42 |       |       |       ||   100
         Headbutt          |     4 |    19 |    37 |   145 |    91 ||   296
         Punch             |     1 |     1 |     1 |    13 |       ||    16
         War axe           |       |    99 |   227 |   545 |       ||   871
         Battleaxe         |       |       |       |    29 |   428 ||   457
         Morningstar       |       |       |       |     5 |       ||     5
 Invoke: Berserk           |       |     2 |     4 |     6 |     2 ||    14
         Trog's Hand       |       |       |     1 |       |     1 ||     2
         Brothers in Arms  |       |       |       |       |     2 ||     2
    Use: Scroll            |       |       |       |    13 |     8 ||    21
         Potion            |       |       |       |       |     3 ||     3
   Stab: Invisible         |       |       |       |       |     1 ||     1
 Armour: Scale mail        |    44 |    46 |       |       |       ||    90
         Animal skin       |     5 |       |       |       |       ||     5
         Plate armour      |       |   100 |   263 |   435 |   415 ||  1213
  Dodge: Dodged            |    47 |    71 |   103 |   187 |   184 ||   592

Table legend: (Time is in decaauts)
 A = Elapsed time spent in this place.
 B = Non-inter-level travel time spent in this place.
 C = Inter-level travel time spent in this place.
 D = Time resting spent in this place.
 E = Time spent auto-exploring this place.
 F = Levels seen in this place.
 G = Mean time per level.
                   A        B        C        D        E       F      G
               +--------+--------+--------+--------+--------+-----+--------+
         Total |  16114 |  14881 |   1233 |   1415 |   9248 |  20 |  805.7 |
       Dungeon |   8983 |   8179 |    804 |    847 |   5552 |  11 |  816.6 |
        Temple |     47 |     47 |      0 |     44 |      0 |   1 |   47.0 |
          Lair |   6331 |   5916 |    415 |    462 |   3646 |   5 | 1266.2 |
  Orcish Mines |    184 |    171 |     13 |      0 |     49 |   2 |   92.0 |
      Gauntlet |    567 |    567 |      0 |     61 |      0 |   1 |  567.0 |
               +--------+--------+--------+--------+--------+-----+--------+

Top non-repeatable levels by time:
  Lair:5: 1668 daAuts
     D:8: 1630 daAuts
  Lair:2: 1523 daAuts
  Lair:4: 1469 daAuts
     D:9: 1105 daAuts
     D:3: 1097 daAuts
     D:7: 942 daAuts
     D:2: 905 daAuts
  Lair:1: 893 daAuts
  Lair:3: 776 daAuts
     D:4: 709 daAuts
     D:1: 674 daAuts
    D:10: 648 daAuts
     D:5: 643 daAuts
     D:6: 617 daAuts
